 Dungeon Crawl Stone Soup version 0.30-a0-793-g160f7cfddd (webtiles) character file.

Game seed: 5806420742679940800

61110 holysushi the Spry (level 14, -5/105 HPs)
             Began as a Demonspawn Monk on Feb 19, 2023.
             Was the Champion of Wu Jian.
             Killed by mirror damage (20 damage)
             ... on level 11 of the Dungeon.
             The game lasted 00:44:02 (18405 turns).

holysushi the Spry (Demonspawn Monk)               Turns: 18405, Time: 00:44:04

Health: -5/105     AC: 13    Str: 12    XL:     14   Next: 59%
Magic:  14/14      EV: 26    Int: 15    God:    Wu Jian [******]
Gold:   1188       SH:  0    Dex: 19    Spells: 9/13 levels left

rFire   + . .      SeeInvis +    b - +4 rapier (flame)
rCold   + . .      Faith    .    (no shield)
rNeg    . . .      Spirit   .    T - +5 robe of the Teacher {rElec Will+ Int+2 Archmagi}
rPois   .          Reflect  .    K - +2 hat
rElec   +          Harm     .    c - scarf {rC+ rF+}
rCorr   .          Rampage  .    j - +0 pair of gloves
Will    +++..      Archmagi +    l - +2 pair of boots
Stlth   +++++                    (no amulet)
HPRegen 0.37/turn                M - ring of willpower
MPRegen 0.14/turn                f - ring of see invisible

@: spiked, slowed, very slow
A: horns 1, repulsion field 2, ignite blood 3, powered by death 3
a: Renounce Religion, Wall Jump, Serpent's Lash, Heavenly Storm


You were on level 11 of the Dungeon.
You worshipped Wu Jian.
Wu Jian was exalted by your worship.
You visited 3 branches of the dungeon, and saw 18 of its levels.
You also visited: Volcano.

You collected 2074 gold pieces.
You spent 886 gold pieces at shops.

Inventory:

Hand Weapons
 a - a +2 short sword of venom
 b - a +4 rapier of flaming (weapon)
 y - a +4 short sword
Missiles
 R - a throwing net (quivered)
Armour
 c - a scarf of resistance (worn)
 j - a +0 pair of gloves (worn)
 l - a +2 pair of boots (worn)
 t - a +0 robe
 K - a +2 hat (worn)
 T - the +5 robe of the Teacher (worn) {rElec Will+ Int+2 Archmagi}
   (You bought it in a shop on level 2 of the Orcish Mines)

   Int:       It affects your intelligence (+2).
   rElec:     It insulates you from electricity.
   Archmagi:  It increases the power of your magical spells.
   Will:      It increases your willpower.
Jewellery
 f - a ring of see invisible (right hand)
 z - a ring of willpower
 D - a ring of resist corrosion
 M - a ring of willpower (left hand)
Wands
 e - a wand of flame (11)
 o - a wand of mindburst (2)
 A - a wand of charming (11)
 J - a wand of polymorph (5)
 L - a wand of acid (1)
Scrolls
 h - 3 scrolls of poison
 k - 7 scrolls of teleportation
 m - 4 scrolls of noise
 q - a scroll of enchant armour {unknown}
 r - a scroll of vulnerability
 u - 2 scrolls of blinking
 x - 4 scrolls of fear
 E - 5 scrolls of magic mapping
 F - 2 scrolls of summoning
 I - 2 scrolls of identify
 N - 3 scrolls of fog
Potions
 d - 3 potions of brilliance
 g - 4 potions of curing
 i - 4 potions of might
 n - 5 potions of heal wounds
 p - 2 potions of ambrosia
 s - 5 potions of mutation
 v - 3 potions of lignification
 w - 2 potions of cancellation
 C - 2 potions of haste
 G - 4 potions of invisibility
 P - a potion of berserk rage
Miscellaneous
 S - a piece from Xom's chessboard (15/15)


   Skills:
 - Level 8.0 Fighting
 - Level 14.0 Short Blades
 + Level 16.1 Dodging
 - Level 10.0 Stealth
 - Level 4.0 Evocations


You had 9 spell levels left.
You knew the following spells:

 Your Spells              Type           Power      Damage    Failure   Level
a - Apportation           Tloc           0%         N/A       26%         1
c - Dazzling Flash        Conj/Hex       0%         N/A       63%         3

Your spell library contained the following spells:

 Spells                   Type           Power      Damage    Failure   Level
 Necrotise                Necr           0%         1d4       26%         1
 Summon Small Mammal      Summ           0%         N/A       26%         1
 Gell's Gravitas          Tloc           0%         N/A       63%         3
 Teleport Other           Tloc           0%         N/A       63%         3
 Vampiric Draining        Necr           0%         2d6       63%         3
 Iskenderun's Mystic Bla  Conj/Tloc      0%         2d3       95%         4
 Manifold Assault         Tloc           0%         N/A       95%         4
 Agony                    Necr           0%         N/A       100%        5
 Summon Forest            Summ/Tloc      0%         N/A       100%        5
 Dispersal                Tloc           0%         N/A       100%        6
 Eringya's Noxious Bog    Tmut/Pois      0%         N/A       100%        6
 Starburst                Conj/Fire      0%         6d3       100%        6
 Malign Gateway           Summ/Tloc      0%         N/A       100%        7
 Summon Hydra             Summ           0%         N/A       100%        7
 Disjunction              Tloc           0%         N/A       100%        8
 Summon Horrible Things   Summ           0%         N/A       100%        8


Dungeon Overview and Level Annotations

Branches:
Dungeon (11/15) Zot: 26429  Temple (0/1) D:5            Lair (5/5) D:10 Zot: 23240
  Swamp (0/4) Lair:3        Snake (0/4) Lair:3        Slime (0/5) Lair:4
    Orc (2/2) D:11 Zot: 10335     Elf (0/3) Orc:2       Volcano (visited)

Altars:
Fedhas
Gozag
Okawaru
Sif Muna
Wu Jian
Xom
Yredelemnul
Jiyva

Shops:
D:3 ?   D:7 :(:!   D:9 [   D:11 [(   Orc:2 ([!*

Annotations:
D:6 2 runed translucent doors, exclusion: door
D:11 3 runed translucent doors, mandoloar's ghost, journeyman DECj
Lair:4 2 transporters, mandoloar's ghost, journeyman OgCj


Innate Abilities, Weirdness & Mutations

You have a pair of small horns on your head.
You are surrounded by a moderate repulsion field. (EV +3)
Your demonic aura causes all spilled blood to erupt in flames.
You regenerate a lot of health from kills.


Message History

The freezing wraith attacks as you move away!
The freezing wraith hits you! The freezing wraith freezes you! You resist.
The freezing wraith hits you.
The barbed spikes dig painfully into your body as you move.
The centaur warrior shoots an arrow.
The arrow barely misses you.
The orc knight roars a battlecry!
The orc knight goes into a battle-frenzy!
The slime creature is engulfed in blazing flames.
The orc knight roars a battlecry!
The orc knight goes into a battle-frenzy!
The slime creature is engulfed in blazing flames.
The slime creature hits you!
* * * LOW HITPOINT WARNING * * *
Okay, then.
Unknown command.
Okay, then.
You feel much better.
The polar bear is engulfed in blazing flames.
The slime creature is engulfed in blazing flames.
The slime creature hits you but does no damage.
Okay, then.
Unknown command.
Really read the scroll of immolation?
As you read the scroll of immolation, it crumbles to dust.
The creatures around you are filled with an inner flame!
The slime creature is engulfed in blazing flames.
Flame seeps out of the slime creature.
The slime creature hits you!
The slime creature is engulfed in blazing flames.
The Council accepts your kill.
The slime creature explodes!
The fiery explosion engulfs you!! You resist.
* * * LOW HITPOINT WARNING * * *
The Council accepts your kill.
You feel a bit more experienced.
The fiery explosion engulfs the efreet.
The efreet completely resists.
The fiery explosion engulfs the death knight!!
Flame seeps out of the death knight.
The death knight is heavily wounded.
The death knight reflects your damage back at you!
You die...

#...# #...#..
#.### #...##.
#.# ##.#....
#.# ##.###.##
#.# #.## ##..
#.# ##.###.##
#.## ##<#.###
####..####.#.#
##.## #
#....@§§.....#
#.####
#.####○####..
#..... #
#..WRpc.#
#.####
#...CCo.# #.#
#..○.o..# #.#
...○.8.....
#.#
#.#..l....#.#
#.#
#.#.......#.#
# #.......# #


You could see a death knight (inner flame, reflects damage), 2 orc knights, a
centaur warrior (inner flame), 2 cyclopes and an efreet (inner flame).

Vanquished Creatures
  Saint Roka (Orc:2)
  Gastronok (Lair:1)
  A stone giant (Volcano)
  A fire dragon (Lair:5)
  Fannar (Orc:1)
  Harold (Orc:1)
  A catoblepas (Lair:4)
  2 centaur warriors (Orc:2)
  2 boulder beetles
  3 hydras
  2 two-headed ogres
  4 death yaks (Lair:4)
  A skyshark (Lair:3)
  Amaemon (Lair:3)
  A skeletal warrior (D:10)
  A bog body (Lair:3)
  Pikel (D:6)
  4 orc knights (Orc:2)
  A cyclops (Orc:2)
  3 orc sorcerers
  5 elephants (Lair:3)
  4 black mambas
  An orange demon (Lair:3)
  A torpor snail (Lair:2)
  9 cane toads
  4 rime drakes
  6 kobold demonologists
  An efreet (Volcano)
  A freezing wraith (D:11)
  6 komodo dragons
  3 polar bears
  3 trolls
  3 hornets
  14 blink frogs
  A slime creature (D:11)
  4 shadows
  2 wyverns
  A vampire (D:9)
  67 yaks
  4 basilisks
  6 fire bats (Volcano)
  A golden eye (shapeshifter) (D:10)
  4 steam dragons
  7 vampire mosquitoes (D:11)
  A warg (Orc:2)
  4 nagas (Lair:3)
  3 acid dragons
  2 hell hounds (Orc:1)
  8 water moccasins
  3 swamp drakes (Lair:5)
  2 ice beasts
  7 ogres
  40 orc warriors
  A sky beast (D:7)
  4 wolves (Lair:5)
  A lemure (D:7)
  15 centaurs
  4 kobold brigands
  12 bullfrogs
  An earth elemental (Volcano)
  5 scorpions
  A gnoll sergeant (D:10)
  2 necrophages
  3 wights (D:9)
  A jelly (D:5)
  3 killer bees (D:8)
  3 howler monkeys (D:10)
  5 electric eels
  9 lava snakes
  18 orc priests
  Natasha (thrice) (D:4)
  19 orc wizards
  4 iguanas
  7 gnolls
  3 adders
  An ufetubus (D:4)
  2 dart slugs
  72 orcs
  6 bats
  8 endoplasms
  3 giant cockroaches
  7 hobgoblins
  3 jackals (D:1)
  18 kobolds
  2 quokkas
  4 ball pythons
  3 frilled lizards
  5 goblins
  8 rats
527 creatures vanquished.

Vanquished Creatures (collateral kills)
  An orc priest (Orc:2)
  3 orcs (Orc:2)
4 creatures vanquished.

Vanquished Creatures (others)
  A swamp dragon (Lair:5)
  An obsidian statue (Volcano)
  A gargoyle (Volcano)
  An orc warrior (Orc:2)
  48 fungi
  60 plants
112 creatures vanquished.

Grand Total: 643 creatures vanquished

Notes
Turn   | Place    | Note
-------+----------+-------------------------------------------
     0 | D:1      | holysushi the Demonspawn Monk began the quest for the Orb.
     0 | D:1      | Reached XP level 1. HP: 18/18 MP: 1/1
   145 | D:1      | Gained mutation: Your demonic aura sometimes causes spilled
                  | blood to erupt in flames. [demonic ancestry]
   145 | D:1      | Reached XP level 2. HP: 24/24 MP: 2/2
   699 | D:2      | Reached XP level 3. HP: 29/29 MP: 3/3
  1384 | D:2      | You fall into a shaft and drop 2 floors!
  1394 | D:4      | Found a basalt altar of Yredelemnul.
  1397 | D:4      | Found an ornate altar of the Wu Jian Council.
  1474 | D:4      | Became a worshipper of the Wu Jian Council
  1474 | D:4      | Reached * piety under Wu Jian
  1474 | D:4      | Reached ** piety under Wu Jian
  1752 | D:4      | Noticed Natasha
  1760 | D:4      | Killed Natasha
  1761 | D:4      | Reached skill level 1 in Evocations
  1761 | D:4      | Gained mutation: You regenerate a little health from kills.
                  | [demonic ancestry]
  1761 | D:4      | Reached XP level 4. HP: 35/35 MP: 4/4
  1981 | D:4      | Noticed Natasha
  1997 | D:4      | Killed Natasha
  1998 | D:4      | Gained mutation: You are surrounded by a mild repulsion
                  | field. (EV +2) [demonic ancestry]
  1998 | D:4      | Reached XP level 5. HP: 24/41 MP: 5/5
  2251 | D:4      | Noticed Natasha
  2258 | D:4      | Killed Natasha
  2367 | D:3      | Found Foleb's Magic Scroll Shop.
  2377 | D:3      | Bought a scroll of brand weapon for 114 gold pieces
  2537 | D:3      | Reached skill level 5 in Short Blades
  2629 | D:3      | Reached XP level 6. HP: 47/47 MP: 6/6
  3396 | D:5      | Entered Level 5 of the Dungeon
  3552 | D:5      | Gained mutation: You are surrounded by a moderate repulsion
                  | field. (EV +3) [demonic ancestry]
  3552 | D:5      | Reached XP level 7. HP: 29/52 MP: 7/7
  3880 | D:5      | Found a staircase to the Ecumenical Temple.
  3892 | D:5      | Found an iron altar of Okawaru.
  3951 | D:5      | Found an opulent altar of Gozag.
  4470 | D:6      | Reached skill level 3 in Dodging
  4542 | D:6      | Found a large runed translucent door.
  4545 | D:6      | Found a large runed translucent door.
  4619 | D:6      | Noticed a vampire
  4638 | D:6      | Noticed a steam dragon
  4659 | D:6      | Killed a steam dragon
  4808 | D:6      | Reached skill level 4 in Dodging
  4808 | D:6      | Gained mutation: Your demonic aura often causes spilled
                  | blood to erupt in flames. [demonic ancestry]
  4808 | D:6      | Reached XP level 8. HP: 56/58 MP: 8/8
  5167 | D:7      | Found Jyun's Book Shop.
  5180 | D:7      | Learned a level 3 spell: Dazzling Flash
  5182 | D:7      | Learned a level 1 spell: Apportation
  5239 | D:7      | Noticed a hornet
  5243 | D:7      | Killed a hornet
  5259 | D:7      | Reached skill level 5 in Dodging
  5299 | D:7      | Found Xumussu's Antique Weapon Boutique.
  5393 | D:7      | Noticed Pikel
  5434 | D:6      | Killed Pikel
  5705 | D:7      | Reached skill level 10 in Short Blades
  5708 | D:7      | Gained mutation: You have a pair of small horns on your
                  | head. [demonic ancestry]
  5708 | D:7      | Reached XP level 9. HP: 52/63 MP: 9/9
  5756 | D:7      | Reached *** piety under Wu Jian
  6003 | D:7      | Found Syq Zyp's Book Shoppe.
  6255 | D:7      | Found Axeh's Distillery.
  6260 | D:7      | Bought a potion of haste for 100 gold pieces
  6356 | D:3      | Bought a scroll of enchant weapon for 90 gold pieces
  6356 | D:3      | Bought a scroll of teleportation for 36 gold pieces
  6653 | D:8      | Noticed a two-headed ogre
  6667 | D:8      | Killed a two-headed ogre
  6668 | D:8      | Reached skill level 6 in Dodging
  6668 | D:8      | Reached XP level 10. HP: 55/70 MP: 10/10
  6770 | D:8      | Reached skill level 7 in Dodging
  7253 | D:9      | Reached **** piety under Wu Jian
  7254 | D:9      | Reached skill level 8 in Dodging
  7344 | D:9      | Found Vyredyf's Armour Boutique.
  7527 | D:9      | Noticed a soul eater
  7537 | D:9      | Reached skill level 9 in Dodging
  7543 | D:9      | Noticed a rust devil
  7558 | D:9      | Noticed an orange demon
  7869 | D:10     | Entered Level 10 of the Dungeon
  7912 | D:10     | Gained mutation: Your demonic aura causes all spilled blood
                  | to erupt in flames. [demonic ancestry]
  7912 | D:10     | Reached XP level 11. HP: 72/75 MP: 11/11
  7973 | D:10     | Reached skill level 10 in Dodging
  8170 | D:10     | Found a staircase to the Lair.
  8199 | D:10     | Noticed a skeletal warrior
  8586 | D:10     | Found a shimmering blue altar of Sif Muna.
  8827 | Lair:1   | Entered Level 1 of the Lair of Beasts
  8864 | Lair:1   | Noticed Gastronok
  8879 | Lair:1   | Killed Gastronok
  8880 | Lair:1   | Reached skill level 11 in Dodging
  9502 | Lair:1   | You fall into a shaft and drop 1 floor!
  9510 | Lair:2   | Reached skill level 12 in Dodging
  9604 | Lair:2   | Got the Spellbook of the Singularity
  9820 | Lair:2   | Reached ***** piety under Wu Jian
 10097 | Lair:2   | Reached XP level 12. HP: 60/81 MP: 12/12
 10440 | Lair:2   | Found a blossoming altar of Fedhas.
 10592 | Lair:3   | Found a staircase to the Swamp.
 10612 | Lair:3   | Reached skill level 13 in Dodging
 10719 | Lair:3   | Noticed Amaemon
 10728 | Lair:3   | Killed Amaemon
 11048 | Lair:3   | Identified the +0 morningstar of Leshri {venom, rCorr
                  | Dex+2}
 11133 | Lair:3   | Identified the +1 ring mail "Lugg" {rC++ Stlth+}
 11264 | Lair:3   | Found a staircase to the Snake Pit.
 11503 | Lair:3   | Reached skill level 14 in Dodging
 11851 | Lair:4   | Noticed a seven-headed hydra
 11857 | Lair:4   | Killed a seven-headed hydra
 11983 | Lair:4   | Noticed a boulder beetle
 12025 | Lair:4   | Killed a boulder beetle
 12205 | Lair:4   | Found a transporter.
 12206 | Lair:4   | Noticed a death yak
 12207 | Lair:4   | Noticed mandoloar's ghost (journeyman OgCj)
 12207 | Lair:4   | Noticed a seven-headed hydra
 12208 | Lair:4   | Found a transporter.
 12223 | Lair:4   | Found a staircase to the Slime Pits.
 12223 | Lair:4   | Found a viscous altar of Jiyva.
 12245 | Lair:4   | Gained mutation: You regenerate health from kills. [demonic
                  | ancestry]
 12245 | Lair:4   | Reached XP level 13. HP: 70/90 MP: 13/13
 12432 | Lair:4   | Reached skill level 5 in Fighting
 12503 | Lair:4   | Reached skill level 5 in Stealth
 12925 | Lair:4   | Reached ****** piety under Wu Jian
 13171 | Lair:5   | Entered Level 5 of the Lair of Beasts
 14063 | Lair:5   | Identified the +1 ring mail "Gathaid" {Str+6 Int-4}
 15259 | Lair:5   | Noticed a fire dragon
 15271 | Lair:5   | Killed a fire dragon
 15767 | D:10     | Found a shimmering altar of Xom.
 15849 | D:11     | Found Lair Wievi's Armour Emporium.
 15850 | D:11     | Found a staircase to the Orcish Mines.
 15857 | D:11     | Found Vaxithre's Weapon Emporium.
 15881 | D:11     | Bought a +2 robe of willpower for 212 gold pieces
 15951 | Orc:1    | Entered Level 1 of the Orcish Mines
 15965 | Orc:1    | Noticed Harold
 15980 | Orc:1    | Killed Harold
 15986 | Orc:1    | Found a dark tunnel.
 15994 | Volcano  | Entered a volcano
 16205 | Volcano  | Found a bloodstained altar of Trog.
 16205 | Volcano  | Noticed a stone giant
 16216 | Volcano  | Gained mutation: You regenerate a lot of health from kills.
                  | [demonic ancestry]
 16216 | Volcano  | Reached XP level 14. HP: 103/103 MP: 14/14
 16222 | Volcano  | Killed a stone giant
 16344 | Orc:1    | Noticed Fannar
 16361 | Orc:1    | Killed Fannar
 16868 | Orc:2    | Entered Level 2 of the Orcish Mines
 16886 | Orc:2    | Noticed Saint Roka
 16909 | Orc:2    | Reached skill level 10 in Stealth
 16978 | Orc:2    | Killed Saint Roka
 16979 | Orc:2    | Reached skill level 15 in Dodging
 17262 | Orc:2    | Found a staircase to the Elven Halls.
 17582 | Orc:2    | Found Uneprocs's Antique Armour Shop.
 17582 | Orc:2    | Found Fuamn's Distillery.
 17584 | Orc:2    | Found Ogoloec's General Store.
 17586 | Orc:2    | Found Uhostat's Antique Weapon Boutique.
 17590 | Orc:2    | Bought a distressingly furry robe for 136 gold pieces
 17590 | Orc:2    | Identified the +5 robe of the Teacher {rElec Will+ Int+2
                  | Archmagi} (You bought it in a shop on level 2 of the Orcish
                  | Mines)
 17609 | Orc:2    | Bought a potion of heal wounds for 55 gold pieces
 17609 | Orc:2    | Bought a potion of heal wounds for 55 gold pieces
 17609 | Orc:2    | Bought a potion of invisibility for 88 gold pieces
 17972 | D:11     | Found a runed translucent gate.
 17973 | D:11     | Found a runed translucent gate.
 17973 | D:11     | Found a runed translucent gate.
 17973 | D:11     | Noticed mandoloar's ghost (journeyman DECj)
 18320 | D:11     | Reached skill level 16 in Dodging
 18405 | D:11     | Killed by mirror damage

Illustrated notes

Levels and vault maps discovered:
D:1:      mrwooster_arrival_statue_2, layout_loops_cross
D:2:      minmay_alternating_diamond, layout_basic
D:3:      layout_basic, serial_shops, nicolae_shop_statue_plus
D:4:      layout_basic, mainiacjoe_overflow_catwalk_spiral, uniq_natasha
D:5:      dreamdust_elfheim, layout_basic, mainiacjoe_overflow_surrounded_room,
          nicolae_gozag_cash_rules_everything_around_me,
          minmay_temple_entry_hall, serial_bayou_lagoon_a
D:6:      minmay_clustersquares, layout_rooms, jmf_multi_god_temple2,
          chequers_serial_rivers_small_3
D:7:      layout_loops_ring, serial_shops, shop, nicolae_shop_hallway_stairs,
          nicolae_lakefront_shop, shop, serial_bayou, serial_bayou_shore_a,
          serial_bayou_pond_d, serial_bayou_pond_a, serial_bayou_crossing,
          uniq_pikel
D:8:      layout_rooms
D:9:      layout_rooms, serial_shops, nicolae_stop_n_shop_1,
          statue_in_the_mist_lemuel
D:10:     layout_gridville, mainiacjoe_overflow_cross_hatched,
          due_lair_maze_entry_diamond, hangedman_feature_mirror
D:11:     layout_loops_ring, orc_david_3, biasface_ghost_orc_armoury,
          roderic_roman_lattice, minivault_28
Lair:1:   layout_roguey, uniq_gastronok
Lair:2:   layout_cave_pods, basic_altar, lemuel_fruit_tree
Lair:3:   layout_small_grid, skrybe_swamp_entry_bodies,
          minmay_snake_entry_guardpost_small, serial_bayou_ford_a,
          infiniplex_staircase_pool_2, uniq_amaemon
Lair:4:   layout_regular_city, slime_entry_1, gammafunk_ghost_arena
Lair:5:   guppyfry_lair_end_dragon, layout_regular_city,
          nicolae_lair_grove_arrangements, nicolae_lair_liquid_snakes
Orc:1:    layout_caves, enter_volcano_3, nicolae_orc_lost_temple, uniq_fannar,
          uniq_harold
Orc:2:    st_orc_rangers, layout_caves, uniq_saint_roka

Skill      XL: |  1  2  3  4  5  6  7  8  9 10 11 12 13 14 |
---------------+-------------------------------------------+-----
Stealth        | 2 4 9 10 | 10.0
Short Blades   | 3 4 5 6 8 10 12 14 | 14.0
Evocations     | 1 2 3 4 |  4.0
Dodging        | 4 5 6 9 12 14 16 | 16.1
Fighting       | 4 7 8 |  8.0

Action                     |  1- 3 |  4- 6 |  7- 9 | 10-12 | 13-15 || total
---------------------------+-------+-------+-------+-------+-------++-------
  Melee: Short sword       |   181 |   117 |   239 |   422 |       ||   959
         Punch             |     3 |     2 |     4 |    20 |    15 ||    44
         Rapier            |       |    39 |       |   392 |   952 ||  1383
         Headbutt          |       |       |    26 |   222 |   235 ||   483
 Invoke: Serpent's Lash    |       |       |       |       |     2 ||     2
Ability: Lunge             |     4 |    16 |    17 |    51 |    77 ||   165
         Whirlwind         |       |     6 |    50 |   224 |   305 ||   585
  Evoke: Wand              |       |     4 |    11 |    12 |    47 ||    74
    Use: Scroll            |       |     7 |     7 |     7 |     6 ||    27
         Potion            |       |     1 |     5 |     4 |     4 ||    14
   Stab: Sleeping          |     7 |     7 |     5 |     8 |    13 ||    40
         Distracted        |       |       |       |     1 |     2 ||     3
 Armour: Robe              |    39 |    40 |    15 |       |    42 ||   136
         Steam dragon scal |       |       |     4 |    67 |    29 ||   100
  Dodge: Dodged            |   114 |    88 |    98 |   388 |   542 ||  1230

Table legend: (Time is in decaauts)
 A = Elapsed time spent in this place.
 B = Non-inter-level travel time spent in this place.
 C = Inter-level travel time spent in this place.
 D = Time resting spent in this place.
 E = Time spent auto-exploring this place.
 F = Levels seen in this place.
 G = Mean time per level.
                   A        B        C        D        E       F      G
               +--------+--------+--------+--------+--------+-----+--------+
         Total |  18122 |  17194 |    928 |   3442 |   9628 |  19 |  953.8 |
       Dungeon |   9437 |   8766 |    671 |   1272 |   5302 |  11 |  857.9 |
          Lair |   6759 |   6585 |    174 |   1904 |   3396 |   5 | 1351.8 |
  Orcish Mines |   1664 |   1582 |     82 |    188 |    929 |   2 |  832.0 |
       Volcano |    260 |    260 |      0 |     77 |      0 |   1 |  260.0 |
               +--------+--------+--------+--------+--------+-----+--------+

Top non-repeatable levels by time:
  Lair:5: 1966 daAuts
  Lair:3: 1541 daAuts
  Lair:4: 1493 daAuts
     D:4: 1277 daAuts
  Lair:2: 1076 daAuts
     D:7: 1036 daAuts
     D:2: 986 daAuts
   Orc:2: 986 daAuts
    D:10: 943 daAuts
     D:5: 918 daAuts
     D:9: 884 daAuts
     D:6: 863 daAuts
  Lair:1: 683 daAuts
   Orc:1: 678 daAuts
     D:1: 671 daAuts
